[Event "Early-Titled-Tuesday-Blitz-October-24-2023"]
[Site "Chess.com"]
[Date "2023.10.24"]
[Round "10"]
[White "OLDTERMINATOR"]
[Black "Aash20"]
[Result "0-1"]
[WhiteElo "1700"]
[BlackElo "2505"]
[TimeControl "180+1"]
[EndTime "9:52:17 PDT"]
[Termination "Aash20 won by resignation"]

1. e4 c5 2. Nf3 d6 3. d4 cxd4 4. Nxd4 Nf6 5. Nc3 g6 6. Be3 Bg7 7. Bc4 O-O 8. f3 Nc6 9. Qd2 Ne5 10. Bb3 Bd7 11. O-O-O Qa5 12. h4 Rfc8 13. Nde2 Nc4 14.
Bxc4 Rxc4 15. Kb1 Rac8 16. Rc1 Be6 17. Nd5 Qxd2 18. Nxf6+ Bxf6 19. Bxd2 R8c6 20. Bc3 Bxc3 21. Nxc3 Rb6 22. Ka1 Ra6 23. h5 Kg7 24. hxg6 hxg6 25. a3 Ra5 26. Rcd1 b5 27. Kb1 b4 28. axb4 Rxb4 29.
Nd5 Bxd5 30. exd5 Rab5 31. b3 a5 32. Kc1 a4 33. bxa4 Rxa4 34. Rhe1 Ra1+ 35. Kd2 Rxd5+ 36. Ke2 Raxd1 37. Rxd1 Rxd1 38. Kxd1 Kf6 39. Kd2 Ke5 40.
Ke3 g5 41. g4 e6 42. c3 f5 43. c4 d5 44. c5 fxg4 45. fxg4 Kf6 46. c6 Ke7 47. Kd4 Kd6 48. c7 Kxc7 49. Ke5 Kd7 0-1

[Event "Early-Titled-Tuesday-Blitz-October-24-2023"]
[Site "Chess.com"]
[Date "2023.10.24"]
[Round "10"]
[White "Wizard_97"]
[Black "Barmen_EV"]
[Result "1-0"]
[WhiteElo "2618"]
[BlackElo "2498"]
[TimeControl "180+1"]
[EndTime "9:52:21 PDT"]
[Termination "Wizard_97 won by checkmate"]

1. e4 e5 2. Nf3 Nc6 3. Bc4 Nf6 4. d3 Bc5 5. c3 d6 6. Nbd2 O-O 7. h3 h6 8. Bb3 d5 9. Qe2 a6 10. Nf1 Be6 11. Ng3 dxe4 12. dxe4 Qe7 13. O-O Rad8 14. Nh4 Bxb3 15. axb3 Qe6 16. b4 Bb6 17. Nhf5 Ne7 18.
Nxe7+ Qxe7 19. Nf5 Qd7 20. Qf3 Qd3 21. Nxh6+ Kh8 22.
Qxd3 Rxd3 23. Ng4 Nxg4 24. hxg4 Rg3 25. g5 Rd8 26. Kh2 Rgd3 27. g6 f6 28. c4 Rd1 29.
Rxd1 Rxd1 30. c5 Ba7 31. b3 Kg8 32. Bb2 Rxa1 33. Bxa1 a5 34. Bc3 axb4 35. Bxb4 c6 36. Kg3 Kf8 37. Kg4 Ke7 38. Kf5 Kd7 39. g4 b6 40.
cxb6 Bxb6 41. Bf8 c5 42. Bxg7 Bc7 43. Bxf6 Kc6 44. Bxe5 Bb6 45. g7 c4 46. bxc4 Bd4 47.
g8=Q Bxe5 48. Qd5+ Kb6 49. Kxe5 Ka6 50. g5 Kb6 51. g6 Kc7 52. g7 Kb6 53. g8=Q Ka7 54. Qgf7+ Kb6 55. Qfe6+ Ka7 56. Qdd7+ Ka8 57. Qee8# 1-0

[Event "Early-Titled-Tuesday-Blitz-October-24-2023"]
[Site "Chess.com"]
[Date "2023.10.24"]
[Round "10"]
[White "ShahxaibKhan"]
[Black "itsdsyr"]
[Result "1-0"]
[WhiteElo "2402"]
[BlackElo "2280"]
[TimeControl "180+1"]
[EndTime "9:52:21 PDT"]
[Termination "ShahxaibKhan won by resignation"]

1. e4 e5 2. Nf3 Nc6 3. d4 exd4 4. Nxd4 Bc5 5. Nxc6 Qf6 6. Qd2 dxc6 7. Bd3 Bd7 8. O-O O-O-O 9. Qg5 h6 10. Qxc5 b6 11.
Qa3 Kb8 12. Qc3 Qe7 13. Nd2 Nf6 14. Nc4 c5 15. Qe5 Be6 16. a4 Rd4 17. b3 Ng4 18.
Qg3 h5 19. Bb2 Rd7 20. Ne5 Nxe5 21. Qxe5 f6 22. Qf4 h4 23. h3 Rh5 24. Rae1 Rg5 25.
Kh2 Bf7 26. e5 fxe5 27. Rxe5 Rxe5 28. Qxe5 Qd8 29. Re1 a5 30. Bc3 g5 31. Bc4 Bxc4 32. bxc4 Ka7 33. Qf6 Qg8 34. Qc6 Rh7 35. Re8 1-0

[Event "Early-Titled-Tuesday-Blitz-October-24-2023"]
[Site "Chess.com"]
[Date "2023.10.24"]
[Round "10"]
[White "Giorno"]
[Black "SlippperyWhenWet"]
[Result "1-0"]
[WhiteElo "2537"]
[BlackElo "2361"]
[TimeControl "180+1"]
[EndTime "9:52:24 PDT"]
[Termination "Giorno won by checkmate"]

1. Nf3 Nf6 2. b3 g6 3. Bb2 Bg7 4. g3 O-O 5. Bg2 d5 6. O-O c5 7. e3 Nc6 8. Ne5 Qc7 9. Nxc6 bxc6 10. d3 Bg4 11. Qe1 Qc8 12. Nd2 Bh3 13. Qe2 Bxg2 14.
Kxg2 a5 15. a4 Rb8 16. Bc3 Qc7 17. Nf3 Nd7 18. Bxg7 Kxg7 19. e4 e5 20. Rae1 f6 21.
h4 Rbe8 22. h5 Qd6 23. Rh1 c4 24. bxc4 dxc4 25. dxc4 Nc5 26. Rd1 Qe6 27. Qe3 Qxc4 28. hxg6 hxg6 29. Qh6+ Kf7 30. Qh7+ Ke6 31. Qxg6 Qxe4 32.
Rh6 Qxg6 33. Rxg6 Rd8 34. Ra1 Rb8 35. Re1 Rfd8 36. Rh6 Rb4 37. Nxe5 Kf5 38. Nxc6 Rbb8 39. Ne7+ Kg5 40. Rg6+ Kh5 41. Rh1# 1-0

[Event "Early-Titled-Tuesday-Blitz-October-24-2023"]
[Site "Chess.com"]
[Date "2023.10.24"]
[Round "10"]
[White "kingapolak"]
[Black "AlexandraSamaganova"]
[Result "1/2-1/2"]
[WhiteElo "2158"]
[BlackElo "2322"]
[TimeControl "180+1"]
[EndTime "9:52:29 PDT"]
[Termination "Game drawn by repetition"]

1. e4 c5 2. Nf3 e6 3. d4 cxd4 4. Nxd4 a6 5. Bd3 Qc7 6. Qe2 d6 7. O-O Nf6 8. c4 b6 9. Nc3 Bb7 10. Nd5 Qd8 11. Re1 Be7 12. Nxe7 Qxe7 13. b4 O-O 14. Bb2 Nbd7 15. Rac1 Rfc8 16. f4 Ne8 17. e5 dxe5 18. fxe5 Qxb4 19. Rf1 Nxe5 20. Qxe5 Qxb2 21. Bxh7+ Kxh7 22. Qh5+ Kg8 23. Qxf7+ Kh7 24. Qh5+ Kg8 25. Qf7+ Kh7 26. Qh5+ Kg8 27. Qf7+ 1/2-1/2

[Event "Early-Titled-Tuesday-Blitz-October-24-2023"]
[Site "Chess.com"]
[Date "2023.10.24"]
[Round "10"]
[White "miraitrunks"]
[Black "Alenzer"]
[Result "1/2-1/2"]
[WhiteElo "2098"]
[BlackElo "2063"]
[TimeControl "180+1"]
[EndTime "9:52:29 PDT"]
[Termination "Game drawn - insufficient material"]

1. e4 c5 2. Nf3 e6 3. d4 cxd4 4. Nxd4 Nf6 5. Nc3 Nc6 6. Nxc6 bxc6 7. Bd3 d5 8. O-O Be7 9. Qe2 Qc7 10. Bg5 O-O 11. e5 Ne8 12. Bxe7 Qxe7 13. f4 g6 14. g4 f5 15. exf6 Nxf6 16. Rae1 c5 17. g5 Nh5 18.
Nxd5 Qd6 19. Nc3 Nxf4 20. Qe4 Bd7 21. Nb5 Nh3+ 22. Kg2 Qb6 23. Kxh3 Bxb5 24. Bxb5 Qxb5 25. Qxe6+ Kh8 26. Qe7 Rxf1 27. Qe5+ Kg8 28. Qd5+ Rf7 29. Qxa8+ Kg7 30. Qe4 Qd7+ 31. Kg2 Qd2+ 32. Re2 Qxg5+ 33. Kh3 Qh5+ 34. Kg3 Qg5+ 35. Kh3 Rf4 36. Qe7+ Qxe7 37. Rxe7+ Kh6 38. Rxa7 Rf2 39. Rb7 Rxc2 40. a4 c4 41.
a5 c3 42. bxc3 Rxc3+ 43. Kg4 Ra3 44. Ra7 Ra4+ 45. Kf3 Kg5 46. a6 h5 47. Ra8 Kh4 48. a7 g5 49. h3 g4+ 50. hxg4 hxg4+ 51. Kf2 Ra2+ 52. Ke3 Kg3 53. Ke4 Ra4+ 54. Ke3 Kg2 55. Rg8 Rxa7 56. Rxg4+ Kh3 57. Rc4 Re7+ 58. Kf3 Rf7+ 59.
Ke4 Re7+ 60. Kf5 Rf7+ 61. Kg5 Rf1 62. Rc3+ Kg2 63. Kg4 Rf2 64. Rg3+ Kf1 65. Rf3 Rxf3 66. Kxf3 1/2-1/2

[Event "Early-Titled-Tuesday-Blitz-October-24-2023"]
[Site "Chess.com"]
[Date "2023.10.24"]
[Round "10"]
[White "Verony64"]
[Black "parintele_chess"]
[Result "0-1"]
[WhiteElo "2170"]
[BlackElo "2247"]
[TimeControl "180+1"]
[EndTime "9:52:30 PDT"]
[Termination "parintele_chess won by resignation"]

1. e4 c5 2. Nc3 Nc6 3. d3 g6 4. g3 Bg7 5. Bg2 e6 6. f4 Nge7 7. Nf3 O-O 8. O-O d5 9. e5 Nf5 10. Ne2 b6 11. c3 Bb7 12. Qe1 h5 13. h3 Ba6 14. Qd1 d4 15. c4 b5 16. b3 bxc4 17. bxc4 Rb8 18. Qa4 Qb6 19. Ng5 Nb4 20. Rd1 Bb7 21.
Bxb7 Qxb7 22. Ne4 Qc7 23. a3 Nc6 24. Kf2 Ne3 25. Bxe3 dxe3+ 26. Kxe3 Nd4 27. Ra2 Rb3 28. Nxd4 cxd4+ 29. Kf2 Rfb8 30. Rdd2 Rb1 31. Nd6 Bf8 32. Qxa7 Qxa7 0-1

[Event "Early-Titled-Tuesday-Blitz-October-24-2023"]
[Site "Chess.com"]
[Date "2023.10.24"]
[Round "10"]
[White "Mystery2007"]
[Black "UmarovSabir"]
[Result "1-0"]
[WhiteElo "2446"]
[BlackElo "2318"]
[TimeControl "180+1"]
[EndTime "9:52:31 PDT"]
[Termination "Mystery2007 won on time"]

1. Nf3 g6 2. c4 Bg7 3. Nc3 c6 4.
d4 d6 5. g3 f5 6. Bg2 Nf6 7. O-O O-O 8. Re1 d5 9. Ne5 e6 10. b3 Nbd7 11. Nxd7 Bxd7 12. Bf4 Ne4 13. Nxe4 dxe4 14. Be5 Qe7 15. e3 Rad8 16. Qc2 Bxe5 17.
dxe5 c5 18. Rad1 Bc6 19. Qc3 b6 20. a3 a5 21. h4 h6 22. Bf1 g5 23. hxg5 hxg5 24.
Be2 f4 25. Bg4 f3 26. Qc2 Kg7 27. Qb2 Rd3 28. Rxd3 exd3 29. e4 Kg6 30. Qd2 Qc7 31. Qxd3 Qxe5 32. Bxf3 Qf6 33. e5+ 1-0

[Event "Early-Titled-Tuesday-Blitz-October-24-2023"]
[Site "Chess.com"]
[Date "2023.10.24"]
[Round "10"]
[White "ural58"]
[Black "DKmirl"]
[Result "0-1"]
[WhiteElo "2493"]
[BlackElo "2304"]
[TimeControl "180+1"]
[EndTime "9:52:31 PDT"]
[Termination "DKmirl won by resignation"]

1. e4 c5 2. b3 Nc6 3. Bb2 d6 4. f4 Nf6 5. Qf3 e5 6. Bb5 Nd7 7. Bxc6 bxc6 8. Nc3 Be7 9. O-O-O Qa5 10. Kb1 c4 11.
Nge2 cxb3 12. cxb3 Ba6 13. d4 Bf6 14. dxe5 dxe5 15.
Rxd7 Kxd7 16. Rd1+ Ke7 17. fxe5 Bxe5 18. Nd4 Bxd4 19. Rxd4 Rhd8 20. Ra4 Qb6 21. Ba3+ Ke8 22. Qg3 Qg1+ 23. Kc2 Bd3+ 24. Kb2 f6 25. e5 Bg6 26.
Bc5 Rd2+ 27. Ka3 Qxc5+ 28. b4 Qxe5 29. Qf3 Kf8 30. Ra5 Qe1 31. Rc5 Qc1+ 32. Ka4 Bc2+ 33. Ka5 Qa3+ 0-1

[Event "Early-Titled-Tuesday-Blitz-October-24-2023"]
[Site "Chess.com"]
[Date "2023.10.24"]
[Round "10"]
[White "cthulhuuu"]
[Black "Let_it_be_1"]
[Result "1-0"]
[WhiteElo "2417"]
[BlackElo "2552"]
[TimeControl "180+1"]
[EndTime "9:52:33 PDT"]
[Termination "cthulhuuu won on time"]

1. e4 e6 2. d3 d5 3. Nd2 Nf6 4. Ngf3 Nc6 5. c3 e5 6. exd5 Nxd5 7. Nc4 Bd6 8. a4 a5 9. g3 O-O 10. Bg2 Re8 11. O-O Bc5 12. Qb3 Nb6 13.
Ncxe5 Nxe5 14. Nxe5 Rxe5 15. d4 Be6 16. Qd1 Bxd4 17.
cxd4 Rf5 18. Bxb7 Bd5 19. Bxd5 Rxd5 20. Be3 c5 21. Qb3 cxd4 22. Bf4 d3 23. Rfd1 Rc8 24. Rac1 Rxc1 25. Bxc1 Qc7 26. Be3 Rd6 27. Rxd3 Rxd3 28.
Qxd3 h6 29. Qb5 Nc4 30. Bd4 1-0

[Event "Early-Titled-Tuesday-Blitz-October-24-2023"]
[Site "Chess.com"]
[Date "2023.10.24"]
[Round "10"]
[White "rajesh1464"]
[Black "zverr1"]
[Result "1-0"]
[WhiteElo "2361"]
[BlackElo "2491"]
[TimeControl "180+1"]
[EndTime "9:52:36 PDT"]
[Termination "rajesh1464 won on time"]

1. d4 Nf6 2. Nc3 d5 3. Bf4 g6 4. e3 Bg7 5. h4 h6 6. Nf3 O-O 7. Ne5 c6 8. Be2 b5 9. g4 b4 10. Na4 Ne4 11. f3 Nd6 12. Nc5 Qc7 13. Qd3 a5 14.
Kf2 Na6 15. Rag1 Bb7 16. Nxg6 Nxc5 17. dxc5 Ne4+ 18. Kg2 e5 19. fxe4 fxg6 20. Bg3 Ba6 21. Qd2 Bxe2 22. Qxe2 dxe4 23. Rf1 Qe7 24. Qc4+ Kh7 25. Qxe4 Qxc5 26. h5 Qd6 27. g5 Rxf1 28.
Rxf1 hxg5 29. Rf7 Kg8 30. hxg6 Rf8 31. Rxg7+ Kxg7 32. Bxe5+ Qxe5 33. Qxe5+ Kxg6 34. Qd6+ Rf6 35. Qd3+ Kh5 36. Qh7+ Rh6 37. Qf7+ Rg6 38. Kg3 Kh6 39. e4 1-0

[Event "Early-Titled-Tuesday-Blitz-October-24-2023"]
[Site "Chess.com"]
[Date "2023.10.24"]
[Round "10"]
[White "profedechess93"]
[Black "adotand"]
[Result "0-1"]
[WhiteElo "2611"]
[BlackElo "2829"]
[TimeControl "180+1"]
[EndTime "9:52:41 PDT"]
[Termination "adotand won on time"]

1. e4 Nc6 2. Nf3 d6 3. d4 Nf6 4.
Nc3 g6 5. d5 Nb8 6. Be3 Bg7 7. Qd2 Ng4 8. Bd4 Nf6 9. O-O-O O-O 10. h4 Bg4 11. Be2 c5 12. Be3 b5 13. Bxb5 Qa5 14.
Bc4 Nbd7 15. Bh6 Qb4 16. Bxg7 Kxg7 17. Bb5 Rab8 18. a3 Qa5 19. Bxd7 Nxd7 20. h5 Nf6 21. hxg6 fxg6 22. Qh6+ Kg8 23. Ng5 Bxd1 24. Nxh7 Bh5 25. Nxf6+ Rxf6 26. g4 Qd8 27. gxh5 Qf8 28. Qg5 Rxf2 29. Qxg6+ Qg7 30. Qe6+ Kh8 31. Nd1 Rf6 32. Qh3 Qh6+ 33. Kb1 c4 34. Ne3 c3 35. b3 Qf4 36. Ng4 Rf7 37. Qxc3+ Kh7 38. Rg1 Qxe4 39. Qg3 a5 40. h6 a4 0-1

[Event "Early-Titled-Tuesday-Blitz-October-24-2023"]
[Site "Chess.com"]
[Date "2023.10.24"]
[Round "10"]
[White "scarabee43"]
[Black "Szparu"]
[Result "1-0"]
[WhiteElo "2803"]
[BlackElo "2696"]
[TimeControl "180+1"]
[EndTime "9:52:42 PDT"]
[Termination "scarabee43 won by checkmate"]

1. d4 d5 2. c4 e6 3. Nf3 Nf6 4. Nc3 dxc4 5. e3 a6 6. a4 b6 7. Bxc4 Bb7 8. O-O Nbd7 9. Qe2 Bb4 10. Rd1 Qe7 11. Bd2 O-O 12. Rac1 c5 13. dxc5 Bxc5 14. Be1 Rfe8 15. Ba2 Nf8 16. Bb1 Ng6 17. Na2 Bd6 18. h3 e5 19. Nd2 Nh4 20. f3 Ng6 21. Nc4 Bc7 22. Bb4 Qe6 23. Nd6 Bxd6 24. Rxd6 Qb3 25. Rxb6 Bd5 26. Nc3 Bc4 27. Qf2 Rab8 28. Ba2 Rxb6 29. Bxb3 Rxb4 30. Bxc4 Rxc4 31. Qd2 e4 32.
fxe4 Nxe4 33. Nxe4 Rcxe4 34. b4 Rxe3 35. b5 axb5 36.
axb5 Re2 37. Qd7 R2e7 38. Qg4 Re4 39. Qd7 R4e7 40. Qd4 Re4 41. Qd5 Nf4 42. Qxe4 Rxe4 43. Rc8+ Re8 44. Rxe8# 1-0

[Event "Early-Titled-Tuesday-Blitz-October-24-2023"]
[Site "Chess.com"]
[Date "2023.10.24"]
[Round "10"]
[White "Mikhail_Golubev"]
[Black "Harry_Rakkel"]
[Result "0-1"]
[WhiteElo "2554"]
[BlackElo "2715"]
[TimeControl "180+1"]
[EndTime "9:52:45 PDT"]
[Termination "Harry_Rakkel won on time"]

1. e4 c5 2. Nf3 d6 3. d4 cxd4 4. Nxd4 Nf6 5. Nc3 a6 6. Bc4 e6 7. O-O Be7 8. Bb3 O-O 9. f4 Nc6 10. Be3 Bd7 11. f5 e5 12. Nxc6 bxc6 13. g4 Ne8 14. Qf3 h6 15. Rad1 a5 16. Na4 Rb8 17. c4 c5 18. Nc3 Nc7 19. Rd2 Rb4 20. h4 a4 21. Bd1 Rxc4 22. g5 hxg5 23. hxg5 Bxg5 24.
Rh2 f6 25. Qh3 Bxe3+ 26. Qxe3 Kf7 27. Qg3 Rg8 28. Rh7 Bc6 29. Qg6+ Kf8 30. Rf2 Ne8 31. Qg3 Rd4 32. Be2 Qa8 33. Bf3 a3 34. b3 Qa5 35.
Rc2 Rd3 36. Kg2 Rxc3 37. Rf2 Bxe4 38. Qg6 Rxf3 0-1

[Event "Early-Titled-Tuesday-Blitz-October-24-2023"]
[Site "Chess.com"]
[Date "2023.10.24"]
[Round "10"]
[White "ZeGood_ZeBad_ZeUgly"]
[Black "SnekkerAndersen"]
[Result "0-1"]
[WhiteElo "2327"]
[BlackElo "2493"]
[TimeControl "180+1"]
[EndTime "9:52:46 PDT"]
[Termination "SnekkerAndersen won on time"]

1. e4 e5 2. Nf3 Nc6 3. Bc4 Nf6 4. d3 Be7 5. c3 O-O 6. O-O d6 7. Nbd2 Na5 8. Bb5 c5 9. Re1 a6 10. Ba4 b5 11. Bc2 Nc6 12. d4 cxd4 13. cxd4 exd4 14. Nb3 Bg4 15. Nbxd4 Nxd4 16. Qxd4 Bxf3 17. gxf3 Rc8 18. Bb3 Nd7 19. Bf4 Ne5 20. Bxe5 dxe5 21. Qxe5 Bf6 22.
Qd5 Bxb2 23. Rab1 Bc3 24. Qxd8 Rfxd8 25. Red1 Kf8 26. Kf1 Ke7 27. Ke2 Be5 28. h3 Bf4 29.
Rxd8 Rxd8 30. Rd1 Rc8 31. Rg1 g6 32. Rg4 Be5 33. f4 h5 34. Rg3 Bxf4 35. Rf3 g5 36. h4 f6 37. Rh3 Rh8 38. Rc3 gxh4 39.
Rh3 Kd6 40. Rxh4 Bg5 41. Rh3 Ke5 42. Bd5 h4 43. Kd3 Kf4 44. f3 Rc8 45. Bb7 Rc1 46. Bxa6 b4 47. Bc4 Rc3+ 48. Kd2 Rxc4 49. Rh1 Kxf3+ 0-1

[Event "Early-Titled-Tuesday-Blitz-October-24-2023"]
[Site "Chess.com"]
[Date "2023.10.24"]
[Round "10"]
[White "JoliyRoger"]
[Black "Karttunen"]
[Result "1-0"]
[WhiteElo "2481"]
[BlackElo "2585"]
[TimeControl "180+1"]
[EndTime "9:52:47 PDT"]
[Termination "JoliyRoger won by resignation"]

1. Nf3 d5 2. c4 e6 3. d4 Nf6 4. Nc3 Bb4 5. e3 O-O 6. a3 Bxc3+ 7. bxc3 c5 8. Bd3 Nc6 9. O-O Qc7 10. Bb2 b6 11. Rc1 dxc4 12. Bxc4 Rd8 13. Qe2 Bb7 14. Rfd1 Na5 15. Ba2 c4 16. Nd2 b5 17.
Bb1 e5 18. e4 Re8 19. f3 Nh5 20. Qf2 Nf4 21. Kh1 a6 22. g3 Ne6 23. Bc2 Rac8 24. Nf1 Ng5 25. h4 Ne6 26. Kh2 Rf8 27. Ne3 f6 28. a4 Rfd8 29. axb5 axb5 30. Nf5 g6 31. Nh6+ Kg7 32. Ng4 h5 33. Ne3 Qe7 34. Ra1 Ra8 35.
Ba3 Qc7 36. d5 Nf8 37. Bb4 Nb3 38. Rab1 Nc5 39. Bxc5 Nh7 40. Bb4 Re8 41. d6 Qd7 42.
Nd5 Bxd5 43. Rxd5 Ra6 44. Rbd1 Nf8 45. Rc5 Ne6 46. Rcd5 Rea8 47. R1d2 Ra2 48. Bd1 Ra1 49.
f4 g5 50. hxg5 fxg5 51. f5 Nf8 52. Rxe5 Nh7 53. Re7+ Qxe7 54. dxe7 1-0

[Event "Early-Titled-Tuesday-Blitz-October-24-2023"]
[Site "Chess.com"]
[Date "2023.10.24"]
[Round "10"]
[White "abelmat"]
[Black "lluiss"]
[Result "0-1"]
[WhiteElo "1997"]
[BlackElo "2205"]
[TimeControl "180+1"]
[EndTime "9:52:48 PDT"]
[Termination "lluiss won on time"]

1. d4 Nf6 2. c4 g6 3. Nc3 d5 4. g3 c6 5. Bg2 Bg7 6. Nf3 O-O 7. O-O dxc4 8. a4 Na6 9. Ne5 Be6 10. e4 Nd7 11. Qe2 Nxe5 12. dxe5 Bxe5 13. Bh6 Bg7 14. Bxg7 Kxg7 15. h4 h5 16. Rfd1 Qc7 17. f4 Bg4 18.
Bf3 Bxf3 19. Qxf3 Nc5 20. e5 Rad8 21. Qe2 Rd3 22. Kg2 b5 23. Ne4 Nxe4 24. Qxe4 Rfd8 25. Rxd3 Rxd3 26. Rf1 Qd7 27. Rf2 a6 28. Kh2 Qd5 29. Qe2 c5 30. f5 b4 31. f6+ exf6 32. exf6+ Kh7 33. Qe8 Rd2 34. Rxd2 Qxd2+ 35. Kh3 Qd5 36. Qc8 Qe6+ 37. Qxe6 fxe6 38. g4 Kg8 39. g5 c3 40.
bxc3 bxc3 0-1

[Event "Early-Titled-Tuesday-Blitz-October-24-2023"]
[Site "Chess.com"]
[Date "2023.10.24"]
[Round "10"]
[White "wannabe2700"]
[Black "ExcitingTrap"]
[Result "1-0"]
[WhiteElo "2644"]
[BlackElo "2417"]
[TimeControl "180+1"]
[EndTime "9:52:49 PDT"]
[Termination "wannabe2700 won on time"]

1. e4 e5 2. Nf3 Nc6 3. Bb5 a6 4. Ba4 Nf6 5. O-O Be7 6. Re1 b5 7. Bb3 O-O 8. c3 Bb7 9. d4 d6 10. Nbd2 Re8 11. Ng5 Rf8 12. Nf1 Na5 13. Bc2 h6 14.
Nf3 exd4 15. Nxd4 Re8 16. Nf5 Bf8 17. N1g3 Nc4 18. b3 Ne5 19. f4 Ng6 20. h4 Ne7 21.
Ne3 Ng6 22. Nef5 Ne7 23. Nd4 c5 24. Nf3 Bc8 25. f5 Nc6 26. Bf4 Ng4 27. Qd2 Nce5 28.
Rad1 Bb7 29. Nf1 Nxf3+ 30. gxf3 Ne5 31. Qf2 Qxh4 32. Qxh4 Nxf3+ 33. Kf2 Nxh4 34. Bxd6 Bxd6 35. Rxd6 Rad8 36. Rb6 Bc8 37. Rc6 g6 38. fxg6 Nxg6 39. Rxc5 Ne5 40. Ne3 Kh8 41. Rh1 Rd6 42. Rd5 Rf6+ 43.
Ke2 1-0

[Event "Early-Titled-Tuesday-Blitz-October-24-2023"]
[Site "Chess.com"]
[Date "2023.10.24"]
[Round "10"]
[White "Payyappat"]
[Black "Xqswdc"]
[Result "1-0"]
[WhiteElo "2504"]
[BlackElo "2342"]
[TimeControl "180+1"]
[EndTime "9:52:51 PDT"]
[Termination "Payyappat won on time"]

1. e4 d6 2. d4 Nd7 3. Nc3 e5 4. Nf3 Be7 5. Bc4 Ngf6 6. O-O O-O 7. Bg5 h6 8. Bxf6 Bxf6 9. Nd5 exd4 10. Nxf6+ Qxf6 11.
Qxd4 Re8 12. Rfe1 Ne5 13. Nxe5 Rxe5 14. Rad1 Bg4 15. Rd3 Rae8 16. Rg3 Be6 17. Bd3 c5 18. Qc3 d5 19. f4 Qxf4 20. Rf1 d4 21. Qe1 Qxf1+ 22.
Qxf1 a6 23. b3 b5 24. Qf6 Rg5 25. Rxg5 hxg5 26. Qxg5 c4 27. bxc4 bxc4 28. Be2 d3 29. cxd3 c3 30. Qc1 Rc8 31. a3 c2 32. d4 Bb3 33. Kf2 Ba4 34. Bd3 Rb8 35. Qg5 Rb2 36. Qd8+ Kh7 37. e5+ g6 38. Bxc2 Rxc2+ 39. Kg3 Bc6 40.
Qc7 Rxg2+ 41. Kh3 Bd5 42. e6 Kg7 43. Qxf7+ Kh6 44. Qf8+ Kg5 45. Qd8+ Kh5 46. Qxd5+ Rg5 47. Qf3+ Kh6 48. e7 1-0

[Event "Early-Titled-Tuesday-Blitz-October-24-2023"]
[Site "Chess.com"]
[Date "2023.10.24"]
[Round "10"]
[White "ChessBliss09"]
[Black "deepfear"]
[Result "1/2-1/2"]
[WhiteElo "2029"]
[BlackElo "1796"]
[TimeControl "180+1"]
[EndTime "9:52:51 PDT"]
[Termination "Game drawn by repetition"]

1. d4 Nf6 2. Bg5 Ne4 3. Bf4 d6 4. f3 Nf6 5. e4 g6 6. Bd3 Bg7 7. Ne2 O-O 8. c4 Nc6 9. Nbc3 e5 10. dxe5 dxe5 11. Bg5 h6 12. Bxf6 Qxf6 13. Nd5 Qh4+ 14.
g3 Qd8 15. b4 Nd4 16. Nxd4 exd4 17. O-O c6 18. Nf4 h5 19. h4 Bh6 20. Qd2 Qf6 21.
a4 Bxf4 22. Qxf4 Qxf4 23. gxf4 b6 24. f5 c5 25. b5 Bb7 26. Kh2 Kg7 27. Rg1 Rae8 28.
Ra2 Re5 29. f4 Ree8 30. e5 Kh6 31. fxg6 fxg6 32. Rxg6+ Kh7 33. Rxb6+ Kg8 34. Rxb7 Rxf4 35.
Rg2+ Kf8 36. Rgg7 Rxe5 37. Rh7 Rxh4+ 38. Kg3 Rg4+ 39. Kf2 Rf4+ 40. Kg3 Rg4+ 41. Kf3 Re3+ 42. Kf2 Rf4+ 43. Kg2 Rg4+ 44. Kh2 Rh4+ 45. Kg1 Rg4+ 46.
Kf2 Rf4+ 47. Kg1 Rg4+ 48. Kh1 Rh4+ 49. Kg2 Rg4+ 50. Kh2 Rh4+ 51. Kg2 Rg4+ 1/2-1/2

[Event "Early-Titled-Tuesday-Blitz-October-24-2023"]
[Site "Chess.com"]
[Date "2023.10.24"]
[Round "10"]
[White "hansen"]
[Black "Witik"]
[Result "1-0"]
[WhiteElo "2941"]
[BlackElo "2794"]
[TimeControl "180+1"]
[EndTime "9:52:52 PDT"]
[Termination "hansen won by resignation"]

1. e4 c6 2. d4 d5 3. e5 Bf5 4.
Nf3 e6 5. Be2 Nd7 6. O-O Bg6 7.
Nbd2 Nh6 8. Nb3 Nf5 9. Bd2 Be7 10. g4 Nh6 11. h3 O-O 12. Bd3 Bxd3 13. cxd3 f6 14.
exf6 Rxf6 15. Qe2 Nf7 16. Nh4 Qc7 17. f4 Rh6 18. Ng2 Rxh3 19. Rae1 Nf8 20. g5 Nxg5 21. Nc5 Bd6 22. Qg4 h5 23. Qxg5 Be7 24. Nxe6 Nxe6 25. Qf5 Rg3 26. Qxe6+ Kf8 27. Re3 Rg4 28. Qf5+ Kg8 29.
Qxh5 Rg3 30. Rxg3 Bf6 31. Bc3 Qf7 32. Qxf7+ Kxf7 33. f5 Rh8 34. Nf4 Rh4 35. Kg2 1-0

[Event "Early-Titled-Tuesday-Blitz-October-24-2023"]
[Site "Chess.com"]
[Date "2023.10.24"]
[Round "10"]
[White "Happy1712Drummer"]
[Black "ideika"]
[Result "0-1"]
[WhiteElo "2362"]
[BlackElo "2296"]
[TimeControl "180+1"]
[EndTime "9:52:52 PDT"]
[Termination "ideika won on time"]

1. e4 e5 2. Nf3 Nc6 3. Nc3 Nf6 4.
d4 exd4 5. Nd5 Bb4+ 6. Nxb4 Nxb4 7. e5 Ne4 8. Nxd4 O-O 9. c3 Nc6 10. Nxc6 dxc6 11. Be3 Qe7 12. Qd4 Bf5 13. Be2 c5 14.
Qa4 Qxe5 15. O-O Rfe8 16. Rad1 Re6 17. Bf3 h6 18. Rfe1 c6 19. g3 Rae8 20. Bg2 Qf6 21.
Qxa7 Ng5 22. Qxc5 Nh3+ 23. Kf1 Bg4 24. Qd4 Rxe3 25. Qxf6 Rxe1+ 26. Rxe1 Rxe1+ 27. Kxe1 gxf6 28. f3 Be6 29. b3 Ng5 30. Ke2 h5 31. Ke3 Kg7 32. h4 Nh7 33. Bf1 Nf8 34. Bd3 Nd7 35. c4 Ne5 36. b4 Nxc4+ 37. Bxc4 Bxc4 38. a4 b5 39. a5 c5 40. bxc5 b4 41. Kd4 Bb5 0-1

[Event "Early-Titled-Tuesday-Blitz-October-24-2023"]
[Site "Chess.com"]
[Date "2023.10.24"]
[Round "10"]
[White "FREDERICKtheMATE"]
[Black "santosalberto1987"]
[Result "1-0"]
[WhiteElo "2595"]
[BlackElo "2433"]
[TimeControl "180+1"]
[EndTime "9:52:53 PDT"]
[Termination "FREDERICKtheMATE won by resignation"]

1. Nf3 d5 2. d4 Nf6 3. c4 c6 4.
cxd5 cxd5 5. Nc3 Nc6 6. Bf4 Bf5 7. e3 e6 8. Bb5 Nd7 9. O-O Be7 10. Rc1 Rc8 11.
Qa4 a6 12. Be2 O-O 13. a3 Qa5 14. b4 Qxa4 15. Nxa4 b5 16. Nc5 Nxc5 17. bxc5 Ra8 18. a4 b4 19. Ne5 Nxe5 20. Bxe5 a5 21. Bb5 Ra7 22. c6 Rc8 23. c7 f6 24. Bd7 Raa8 25. Bxc8 Rxc8 26. Bg3 Kf7 27. f3 Bd3 28. Rfd1 Bc4 29.
Rd2 Ke8 30. Rdc2 Kd7 31. e4 Bd6 32. Bxd6 Kxd6 33. Kf2 Rxc7 34. Ke3 Rb7 35. Rb2 b3 36. f4 Rb4 37. e5+ fxe5 38. fxe5+ Ke7 39. Ra1 Rb8 40. Kd2 Rf8 41. Kc3 Rf4 42. Re1 Rf8 43. Rd2 Rb8 44.
Rf2 Rb4 45. Ra1 Rb8 46. g4 Rb7 47. h4 Rc7 48. Kb2 Rb7 49. h5 Rb8 50. g5 Rf8 51. Rxf8 Kxf8 52. Re1 Ke7 53. Re3 Kf7 54. Rf3+ Ke7 55.
g6 hxg6 56. hxg6 Ke8 57. Rf7 Bd3 58. Rxg7 Kf8 59. Rf7+ Kg8 60. Rf6 Kg7 61. Kxb3 Bxg6 62. Rxe6 Be4 63. Ra6 1-0

[Event "Early-Titled-Tuesday-Blitz-October-24-2023"]
[Site "Chess.com"]
[Date "2023.10.24"]
[Round "10"]
[White "Nekoo04"]
[Black "Manukyan_Artak"]
[Result "0-1"]
[WhiteElo "2291"]
[BlackElo "2406"]
[TimeControl "180+1"]
[EndTime "9:52:53 PDT"]
[Termination "Manukyan_Artak won by checkmate"]

1. d4 d5 2. c4 dxc4 3. Nf3 Nf6 4. g3 Bf5 5. Bg2 Nbd7 6. O-O e6 7. Nc3 c6 8. Nh4 Bg4 9. h3 Bh5 10. g4 Bg6 11.
Nxg6 hxg6 12. e4 e5 13. d5 Nb6 14. f4 Bd6 15. Qf3 O-O 16. dxc6 bxc6 17. f5 gxf5 18.
exf5 Nbd5 19. g5 e4 20. Nxe4 Nxe4 21. Qxe4 Bc7 22. f6 Qd6 23. fxg7 Qh2+ 24. Kf2 Qg3+ 25. Kg1 Rfe8 26. Qf5 Qh2+ 27. Kf2 Bb6+ 28. Kf3 Ne3 29. Bxe3 Rxe3+ 30. Kg4 Qxg2+ 31. Kh4 Qe4+ 32. Rf4 Qxf5 33. Rxf5 Re4+ 34. Kh5 Kxg7 35. Raf1 Rh8# 0-1